 Dungeon Crawl Stone Soup version 0.29-a0-330-g52719c12eb (webtiles) character file.

Game seed: 1207807044727495261

8 kae the Firebug (level 2, 0/17 HPs)
             Began as an Octopode Fire Elementalist on Apr 18, 2022.
             Slain by a bat (1 damage)
             ... on level 1 of the Dungeon.
             The game lasted 00:00:22 (128 turns).

kae the Firebug (Octopode Fire Elementalist)         Turns: 128, Time: 00:00:22

Health: 0/17       AC:  1    Str:  7    XL:     2   Next: 8%
Magic:  1/5        EV: 13    Int: 17    God:
Gold:   0          SH:  0    Dex: 12    Spells: 4/5 levels left

rFire   . . .      SeeInvis .   c - +0 dagger
rCold   . . .      Faith    .   (no shield)
rNeg    . . .      Spirit   .   (helmet restricted)
rPois   .          Reflect  .   (no amulet)
rElec   .          Harm     .   (no ring)
rCorr   .          Rampage  .   (no ring)
Will    .....                   (no ring)
Stlth   +++.......              (no ring)
HPRegen 0.05/turn               (no ring)
MPRegen 0.09/turn               (no ring)
                                (no ring)
                                (no ring)

@: no status effects
A: almost no armour, amphibious, 8 rings, camouflage 1, gelatinous body 1,
(nimble swimmer 1), tentacles
a: no special abilities


You were on level 1 of the Dungeon.
You visited 1 branch of the dungeon, and saw 1 of its levels.

Inventory:

Hand Weapons
 c - a +0 dagger (weapon)
Scrolls
 b - 2 scrolls of identify {unknown}
Potions
 a - a potion of magic


   Skills:
 + Level 0.3 Fighting
 + Level 2.1 Dodging
 + Level 2.9 Stealth
 + Level 2.0 Spellcasting
 + Level 1.1 Conjurations
 * Level 3.1 Fire Magic


You had 4 spell levels left.
You knew the following spells:

 Your Spells              Type           Power      Damage    Failure   Level
a - Foxfire               Conj/Fire      36%        2x1d5     8%          1

Your spell library contained the following spells:

 Spells                   Type           Power      Damage    Failure   Level
 Scorch                   Fire           24%        2d6       8%          2
 Conjure Flame            Conj/Fire      9%         6-21      24%         3
 Inner Flame              Hex/Fire       7%         N/A       30%         3
 Flame Wave               Conj/Fire      9%         2d5       61%         4


Dungeon Overview and Level Annotations

Branches:
Dungeon (1/15)

Altars:


Innate Abilities, Weirdness & Mutations

You cannot wear most types of armour.
You are amphibious.
You can wear up to eight rings at the same time.
Your skin changes colour to match your surroundings (Stealth+).
Your rubbery body absorbs attacks. (AC +1, EV +1)
((You are camouflaged when in or above water. (Stealth+)))
You have tentacles for arms and can constrict up to eight enemies at once.


Message History

You constrict the kobold.
You kill the kobold!
You hit the kobold but do no damage. You grab the kobold.
You squeeze the kobold.
You kill the kobold!
You closely miss the ball python. Your grab misses the ball python.
A goblin comes into view. It is wielding a +0 club.
The ball python barely misses you. x2
The goblin shouts!
You hit the ball python. You grab the ball python.
The ball python is heavily wounded.
You constrict the ball python. The ball python closely misses you. x2
You hit the ball python.
You kill the ball python!
The bat hits you but does no damage.
You have reached level 2!
Casting: Foxfire (safe; 8% risk of failure)
Confirm with . or Enter, or press ? or * to list all spells.
You conjure some foxfire!
The bat hits you but does no damage. The bat completely misses you.
The foxfire hits the goblin.
You kill the goblin!
The bat barely misses you.
Casting: Foxfire (safe; 8% risk of failure)
Confirm with . or Enter, or press ? or * to list all spells.
You don't have enough magic to cast this spell.
You swing at nothing.
The bat closely misses you.
Your foxfire dissipates!
You swing at nothing.
The bat hits you but does no damage. The bat barely misses you.
You hit the bat. You grab the bat.
The bat is moderately wounded.
You constrict the bat, but do no damage.
The bat hits you.
* * * LOW HITPOINT WARNING * * *
The bat struggles to escape constriction.
The bat hits you but does no damage.
You hit the bat but do no damage. Your squeeze misses the bat.
The bat is moderately wounded.
You constrict the bat. The bat hits you.
You die...

. #[
..###.###
.........
..#.....#
..S.....#
.$...b.$#
.######.# .
###b##
...###)@##
.........##
.####.....##
##.##..#
#.ยง#..#
#...#.#
##..#)#
##...##
###...#


You could see a bat.

Vanquished Creatures
  A ball python (D:1)
  An endoplasm (D:1)
  A goblin (D:1)
  3 kobolds (D:1)
  A quokka (D:1)
7 creatures vanquished.

Vanquished Creatures (others)
  16 foxfires (D:1)
16 creatures vanquished.

Grand Total: 23 creatures vanquished

Notes
Turn   | Place    | Note
-------+----------+-------------------------------------------
     0 | D:1      | kae the Octopode Fire Elementalist began the quest for the
                  | Orb.
     0 | D:1      | Reached XP level 1. HP: 11/11 MP: 3/3
   123 | D:1      | Reached XP level 2. HP: 2/17 MP: 1/5
   128 | D:1      | Slain by a bat

Illustrated notes

Levels and vault maps discovered:
D:1:      dpeg_arrival_round_c, layout_loops_ring

Action                   || total
-------------------------++-------
Melee: Dagger            ||     8
       Constrict         ||     4
       Unarmed           ||     3
       Tentacles         ||     2
 Cast: Foxfire           ||     9
Armor: Skin              ||     5
Dodge: Dodged            ||    15

Table legend: (Time is in decaauts)
 A = Elapsed time spent in this place.
 B = Non-inter-level travel time spent in this place.
 C = Inter-level travel time spent in this place.
 D = Time resting spent in this place.
 E = Time spent auto-exploring this place.
 F = Levels seen in this place.
 G = Mean time per level.
                   A        B        C        D        E       F      G
               +--------+--------+--------+--------+--------+-----+--------+
         Total |    127 |    127 |      0 |      5 |     77 |   1 |  127.0 |
       Dungeon |    127 |    127 |      0 |      5 |     77 |   1 |  127.0 |
               +--------+--------+--------+--------+--------+-----+--------+

Top non-repeatable levels by time:
     D:1: 127 daAuts
